Cogmind - Beta 16 @@@ ROGUE MODE // 2025.11.08 @ 01:12:49 Player: BatSpy Result: Destroyed by Explosive Trap Performance ------------- Evolutions (1) 500 Regions Visited (3) 600 Robots Destroyed (33) 165 Value Destroyed (923) 923 Prototype IDs (1) 20 Alien Tech Used (0) 0 Bonus (0) 0 TOTAL SCORE: 2208 Bonus ------- None Cogmind --------- Core Integrity 0/400 Matter 300/300 Energy 7/100 System Corruption 9% Temperature Cool (3) Movement Walking (120) Location -9/Storage Parts ------- > --- POWER (1) -------- (None) > --- PROPULSION (3) --- Aluminum Leg Improved Aluminum Leg Improved Aluminum Leg > --- UTILITY (3) ------ Small Storage Unit Improved Targeting Computer Light Regenerative Plating > --- WEAPON (2) ------- Mace Maul > --- INVENTORY (8) ---- Improved Ion Engine Improved Ion Engine Improved Ion Engine Particle Gun Peak State ------------ > --- POWER ------------ (None) > --- PROPULSION ------- Aluminum Leg Improved Aluminum Leg Improved Aluminum Leg > --- UTILITY ---------- Small Storage Unit Improved Targeting Computer Light Regenerative Plating > --- WEAPON ----------- Mace Maul > --- INVENTORY -------- Improved Ion Engine Improved Ion Engine Improved Ion Engine Particle Gun [Rating: 18] Favorites ----------- Power Light Nuclear Core Engine Ion Engine Power Core Light Nuclear Core Propulsion Wheel Leg Aluminum Leg Wheel Wheel Utility Small Storage Unit Device Shield Generator Storage Small Storage Unit Processor Improved Targeting Computer Protection Propulsion Shielding Weapon Mace Energy Gun EM Pulse Gun Ballistic Gun Assault Rifle Launcher EMP Blaster Impact Weapon Mace Build | -11 -10 -9 -9 ------- Run | Yrd Mat Mat Sto Slots Evolved 2 | . . 2 . Power . | . . . . Propulsion 1 | . . 1 . Utility 1 | . . 1 . Weapon . | . . . . Parts Attached 26 | 6 1 15 4 Power 4 | 1 . 3 . Engine 2 | 1 . 1 . Core 2 | . . 2 . Reactor . | . . . . Propulsion 9 | 2 . 4 3 Treads . | . . . . Leg 7 | . . 4 3 Wheel 2 | 2 . . . Hover . | . . . . Flight . | . . . . Utility 7 | 1 1 4 1 Device 1 | . . 1 . Storage 1 | 1 . . . Processor 1 | . . 1 . Hackware . | . . . . Protection 4 | . 1 2 1 Artifact . | . . . . Weapon 6 | 2 . 4 . Energy Gun 1 | 1 . . . Energy Cannon . | . . . . Ballistic Gun 2 | 1 . 1 . Ballistic Cannon . | . . . . Launcher 1 | . . 1 . Special Weapon . | . . . . Impact Weapon 2 | . . 2 . Slashing Weapon . | . . . . Piercing Weapon . | . . . . Special Melee Weapon . | . . . . Unidentified Prototypes 1 | . . . 1 Corrupted Parts 2 | . . 2 . System Corruption 9 | . . 9 . Parts Lost 17 | . 1 12 4 Power 4 | . 1 2 1 Propulsion 6 | . . 4 2 Utility 3 | . . 2 1 Weapon 4 | . . 4 . Highest Loss Streak 4 | . 1 4 3 To Critical Strikes . | . . . . Average Backups 2 | . . 2 3 Power . | . . . 2 Propulsion . | . . . . Utility . | . . . . Weapon . | . . 1 1 Tool/Special . | . . . . Unused Backups 4 | . . . 4 Power 3 | . . . 3 Propulsion . | . . . . Utility . | . . . . Weapon 1 | . . . 1 Tool/Special . | . . . . Average Slot Usage (%) 77 | . 90 73 77 Engine 2 | . 9 1 . Core 2 | . . 2 3 Leg 10 | . . 9 19 Wheel 11 | . 28 10 3 Device 2 | . . 3 2 Storage 11 | . 14 11 11 Processor 3 | . . 1 11 Protection 9 | . 9 12 3 Energy Gun 3 | . 14 2 . Ballistic Gun 7 | . 14 8 . Impact Weapon 11 | . . 9 22 Peak Build Rating 18 | 6 7 15 18 Average Rating 9 | 3 6 9 13 On Entrance 6 | . 6 6 14 Avg Prop Armor Cover (%) 5 | . . 5 6 Naked Turns . | . . . . Heaviest Build 23 | 14 15 23 17 Greatest Support 36 | 20 20 30 36 Greatest Overweight (x) 2 | . . 2 1 Average Overweight (x) . | . . . . Largest Inventory Capacity 8 | 8 8 8 8 Average Capacity 7 | 6 8 8 8 Most Carried 7 | 5 1 7 5 Average Carried 2 | 1 . 2 3 Final Capacity 8 | 8 8 8 8 Final Carried 4 | . . 1 4 Class Distribution -------------------- 96% | Mutant 3% | Scavenger-Mutant Dominant Class ---------------- Mutant | -10/Materials Mutant | -9/Materials Mutant | -9/Storage Resources | -11 -10 -9 -9 ----------- Run | Yrd Mat Mat Sto Matter Collected 568 | 260 17 213 78 Remotely . | . . . . Salvage Created 1245 | . 55 848 342 Parts 42 | . 3 31 8 Haulers Intercepted . | . . . . Recyclers Shooed . | . . . . Parts Field Recycled . | . . . . Retrieved Matter . | . . . . Parts Self-Destructed . | . . . . Prevented . | . . . . Parts Restored . | . . . . Kills | -11 -10 -9 -9 ------- Run | Yrd Mat Mat Sto Combat Hostiles Destroyed 23 | . 1 14 8 Melee 10 | . . 5 5 Guns 5 | . 1 4 . AOE 3 | . . 3 . Classes Destroyed 8 | . 2 4 2 Worker 1 | . . . 1 Tunneler 2 | . . 2 . Recycler 3 | . . 3 . Watcher 4 | . 1 3 . Swarmer 3 | . . 3 . Grunt 15 | . 1 8 6 Duelist 1 | . . . 1 Sentry 4 | . . 3 1 Best Kill Streak 5 | . 1 5 5 Combat Bots Only 4 | . 1 4 2 Max Kills in Single Turn 2 | . 1 2 1 Gunslinging 1 | . . 1 . Exploded 1 | . . 1 . Melee 1 | . . 1 1 Uniques/NPCs Destroyed . | . . . . Combat | -11 -10 -9 -9 -------- Run | Yrd Mat Mat Sto Hostile Shots Fired 257 | . . 173 84 Missed 69 | . . 47 22 Hits 188 | . . 126 62 Projectile 188 | . . 126 62 Critical Strikes 5 | . . 4 1 Actively Blocked 1 | . . 1 . Damage Taken 2224 | . 60 1464 700 Core 450 | . 47 267 136 Absorbed by Shields 193 | . . 148 45 Redirected to Shielding 48 | . . 48 . Regen/Repaired (Parts) 58 | . . . 58 Core Remaining (%) 90 | 100 81 . . Volleys Fired 27 | . 5 22 . Largest 2 | . 2 2 . Hottest 60 | . 60 60 . Shots Fired 47 | . 10 37 . Gun 44 | . 10 34 . Cannon . | . . . . Launcher 3 | . . 3 . Special . | . . . . Kinetic 31 | . 5 26 . Thermal . | . . . . Explosive . | . . . . Electromagnetic 16 | . 5 11 . Robot Hit Streak 7 | . 2 7 . Robot Miss Streak 4 | . 4 2 . Penetration Max . | . . . . Secondary Targets 1 | . . 1 . Max Gunslinging Chain 1 | . . 1 . Shots Hit Robots 84 | . 4 57 23 Core Hits 24 | . 2 18 4 Critical Kills 4 | . . 2 2 Critical Parts Destroyed 7 | . . 4 3 Critical Strikes 12 | . . 6 6 Destroy 1 | . . 1 . Smash 11 | . . 5 6 Melee Attacks 70 | . . 35 35 Impact 70 | . . 35 35 Slashing . | . . . . Piercing . | . . . . Sneak Attacks 5 | . . 4 1 Combat Hostiles . | . . . . Follow-up Attacks 7 | . . 2 5 Damage Inflicted 2309 | . 64 1509 736 Guns 393 | . 64 329 . Cannons . | . . . . Explosions 141 | . . 141 . Melee 1775 | . . 1039 736 Ramming . | . . . . Kinetic 290 | . 30 260 . Thermal 28 | . . 28 . Explosive . | . . . . Electromagnetic 216 | . 34 182 . Impact 1775 | . . 1039 736 Slashing . | . . . . Piercing . | . . . . Highest Corruption 9 | . 1 9 9 Average Corruption 5 | . 1 3 9 Corruption Purged . | . . . . Corruption Blocked . | . . . . Effects 15 | . . 5 10 Message Errors 10 | . . 3 7 Matter Fused 3 | . . . 3 Parts Rejected 1 | . . 1 . Data Loss (minor) 1 | . . 1 . Overload Shots . | . . . . Overflow Damage 415 | . . 262 153 Projectiles . | . . . . Explosions . | . . . . Melee 415 | . . 262 153 Knockbacks 4 | . . 3 1 Impact 4 | . . 3 1 Kinetic . | . . . . Secondary . | . . . . Self-Inflicted Damage 11 | . . 11 . Shots 1 | . . 1 . Rammed . | . . . . Targets Rammed . | . . . . Kicked . | . . . . Crushed . | . . . . Highest Temperature 11 | . . 11 1 Average Temperature 4 | . . 5 1 Received Heat Transfer 869 | . . 536 333 Siege Activations . | . . . . Martial Activations . | . . . . Shielding Activations . | . . . . Robots Disrupted . | . . . . Combat Hostiles . | . . . . Robots Corrupted 13 | . . 9 4 Combat Hostiles 5 | . . 2 3 Parts Fried 16 | . . 8 8 Impact Corruptions 24 | . . 15 9 Robots Melted . | . . . . Combat Hostiles . | . . . . Parts Melted 1 | . . 1 . Heat Transferred . | . . . . Parts Sabotaged . | . . . . Parts Stolen . | . . . . Parts Stripped . | . . . . Power Chain Reactions 1 | . . 1 . Alert | -11 -10 -9 -9 ------- Run | Yrd Mat Mat Sto Maximum Alert Level . | . . . . Low Security (%) 100 | 100 100 100 100 Level 1 . | . . . . Level 2 . | . . . . Level 3 . | . . . . Level 4 . | . . . . Level 5 . | . . . . High Security . | . . . . Max Security . | . . . . Peak Influence 118 | . 30 118 102 Initial 30 | . . 8 30 Average 38 | . 7 52 30 Influence Increases 740 | . 82 456 202 Destroy 0b10 Robot/C 460 | . 20 280 160 Destroy 0b10 Robot/NC 50 | . 5 40 5 Destroy Leader 128 | . 12 86 30 Successful Hack 9 | . . 2 7 Disable Machine 30 | . . 30 . Destroy Structure 3 | . . 3 . Partial Spotted 15 | . 15 . . Lose Combat Pursuer 45 | . 30 15 . Influence Decreases 638 | . 62 403 173 Entered New Map 55 | . . 12 43 Time Decay 433 | . 52 271 110 Lost Part 150 | . 10 120 20 Squads Dispatched 5 | . 2 2 1 Investigation . | . . . . Extermination . | . . . . Reinforcement 4 | . 2 2 . Assault . | . . . . Garrison 1 | . . . 1 Intercept . | . . . . Searches Triggered . | . . . . Construction Impeded . | . . . . Haulers Reinforced . | . . . . Active Scanning Responses . | . . . . Cargo Convoy Interrupts . | . . . . Stealth | -11 -10 -9 -9 --------- Run | Yrd Mat Mat Sto Distress Signals 3 | . 1 2 . Communications Jammed . | . . . . Distress Signals . | . . . . Times Spotted 39 | . 4 26 9 Peak Tracking Total 6 | . 2 6 4 Tactical Retreats 2 | . 1 1 . Traps | -11 -10 -9 -9 ------- Run | Yrd Mat Mat Sto Traps Triggered 4 | . 3 . 1 Indirectly . | . . . . Trap Hack Attempts . | . . . . Triggered . | . . . . Disarmed . | . . . . Reprogrammed . | . . . . Reused . | . . . . Traps Extracted . | . . . . Installed . | . . . . Triggered . | . . . . Machines | -11 -10 -9 -9 ---------- Run | Yrd Mat Mat Sto Machines Disabled 2 | . . 2 . Max in Single Turn 1 | . . 1 . Machines Repaired . | . . . . Machines Dismantled . | . . . . Machines Sabotaged . | . . . . Overloaded Fab Kills . | . . . . Hacking | -11 -10 -9 -9 --------- Run | Yrd Mat Mat Sto Machines Accessed 7 | . 1 3 3 Terminals 3 | . 1 1 1 Fabricators . | . . . . Repair Stations 1 | . . . 1 Recycling Units 1 | . . . 1 Scanalyzers 2 | . . 2 . Garrison Access . | . . . . Total Hacks 14 | . 3 7 4 Successful 10 | . 2 4 4 Failed 3 | . 1 2 . Catastrophic . | . . . . Database Lockouts 1 | . . 1 . Manual . | . . . . Terminals 6 | . 3 2 1 Fabricators . | . . . . Repair Stations 2 | . . . 2 Recycling Units 1 | . . . 1 Scanalyzers 5 | . . 5 . Garrison Access . | . . . . Terminal Hacks 4 | . 2 1 1 Open Door 1 | . . . 1 Alert Level 2 | . 1 1 . Locate Traps 1 | . 1 . . Fabricator Hacks . | . . . . Repair Station Hacks 2 | . . . 2 Scan Component 1 | . . . 1 Repair 1 | . . . 1 Recycling Unit Hacks 1 | . . . 1 Report Inventory 1 | . . . 1 Scanalyzer 3 | . . 3 . Retrieve Study 3 | . . 3 . Garrison Access Hacks . | . . . . Unauthorized Hacks . | . . . . Terminals . | . . . . Fabricators . | . . . . Repair Stations . | . . . . Recycling Units . | . . . . Scanalyzers . | . . . . Garrison Access . | . . . . Data Cores Recovered . | . . . . Used . | . . . . Hacking Detections 2 | . 1 1 . Full Trace Events . | . . . . Feedback Events . | . . . . Feedback Blocked . | . . . . Robot Schematics Acquired . | . . . . Robots Built . | . . . . Authchips . | . . . . Time . | . . . . Total Robot Build Rating . | . . . . Part Schematics Acquired . | . . . . Parts Built . | . . . . Authchips . | . . . . Time . | . . . . Total Part Build Rating . | . . . . Part Studies Acquired 3 | . . 3 . Parts Repaired 1 | . . . 1 Time 32 | . . . 32 Parts Recycled . | . . . . Recycled Matter . | . . . . Retrieved Matter . | . . . . Retrieved Components . | . . . . Parts Scanalyzed . | . . . . Part Schematics Acquired . | . . . . Parts Damaged . | . . . . Bothacking | -11 -10 -9 -9 ------------ Run | Yrd Mat Mat Sto Used RIF Installer . | . . . . Robots Hacked . | . . . . Non-combat . | . . . . Combat . | . . . . Robot Hacks Applied . | . . . . Relay Couplers Released . | . . . . Fabnet Peak Effective % . | . . . . Robots Rewired . | . . . . Allies Hacked . | . . . . Hacks Repelled . | . . . . Allies | -11 -10 -9 -9 -------- Run | Yrd Mat Mat Sto Total Allies . | . . . . Largest Group . | . . . . Highest-Rated Group . | . . . . Highest-Rated Ally . | . . . . Total Orders . | . . . . Ally Attacks . | . . . . Total Damage . | . . . . Kills . | . . . . Allies Corrupted . | . . . . Allies Melted . | . . . . Intel | -11 -10 -9 -9 ------- Run | Yrd Mat Mat Sto Active Infowar (turns) . | . . . . Robot Analysis Total . | . . . . Derelict Logs Recovered . | . . . . Drone Launches . | . . . . Drone Recoveries . | . . . . Exploration | -11 -10 -9 -9 ------------- Run | Yrd Mat Mat Sto Turns Passed 1123 | 40 161 647 275 Spaces Moved 734 | 42 179 418 95 Core 17 | 17 . . . Treads . | . . . . Legs 227 | . . 132 95 Wheels 490 | 25 179 286 . Hover . | . . . . Flight . | . . . . Fastest Speed 50 | 50 80 70 120 Average Speed 99 | 67 80 99 149 Slowest Speed 190 | 80 80 190 190 Overloaded Moves . | . . . . Propulsion Burnouts . | . . . . Robots Hopped . | . . . . Potential Cave-ins . | . . . . Cave-ins Triggered . | . . . . Exploration Rate (%) 27 | 4 46 40 21 Regions Visited 3 Branch Regions 1 Pre-discovered Areas . | . . . . Known Exits Taken . | . . . . Unknown Exits Taken 3 | 1 1 1 . Scrap Searched . | . . . . Spaces Dug . | . . . . Terrain Destroyed 3 | . . 3 . Melee . | . . . . Projectile . | . . . . AOE 3 | . . 3 . Terrain Rammed . | . . . . Walls Destroyed . | . . . . Machines Disabled . | . . . . Actions | -11 -10 -9 -9 --------- Run | Yrd Mat Mat Sto Total 963 | 52 186 552 173 Wait 82 | . 1 46 35 Move 731 | 41 178 417 95 Hop . | . . . . Pick Up 30 | 5 1 16 8 Fast Attach 1 | 1 . . . Attach 26 | 5 1 15 5 Detach . | . . . . Swap 3 | . . 3 . Drop . | . . . . Fire 27 | . 5 22 . Melee 63 | . . 33 30 Ram . | . . . . Kick . | . . . . Crush . | . . . . Escape Stasis . | . . . . Rewire . | . . . . Trap . | . . . . Miscellaneous . | . . . . Route ------- -11/Scrapyard -10/Materials (discovered 2 exits: *Mat / [*Min]) -9/Materials (discovered 3 exits: [*Min x2] / *Sto) -9/Storage History --------- Turn | Location | Event 6 | -11/Scrapyard | Discovered new exit (range 15) 41 | -11/Scrapyard | Entered Materials 128 | -10/Materials | Discovered new exit (range 15) 172 | -10/Materials | Discovered new exit (range 15) 202 | -10/Materials | Entered another Materials area 202 | -9/Materials | Evolved 2 slots: Propulsion x1, Utility x1 313 | -9/Materials | Build established: Mutant 387 | -9/Materials | Lost 3 parts (1p1n1w) 462 | -9/Materials | Central database locked down 512 | -9/Materials | Discovered new exit (range 15) 527 | -9/Materials | Discovered new exit (range 12) 576 | -9/Materials | Discovered new exit (range 12) 735 | -9/Materials | Core integrity fell below 50% 780 | -9/Materials | Lost 4 parts (2n1u1w) 849 | -9/Materials | Entered Storage 917 | -9/Storage | Repaired Shield Generator 997 | -9/Storage | Lost 3 parts (1p1n1u) 1016 | -9/Storage | Core integrity fell below 20% 1026 | -9/Storage | Found Prototype Protection 1027 | -9/Storage | Identified Lgt. Regenerative Plating 1066 | -9/Storage | Garrison activated, responded to threat 1124 | -9/Storage | Destroyed by Explosive Trap Last Messages --------------- 01093_ G-34 Mercenary system corrupted by crushing effect. 01095_ Destroyed Ion Engine. 01095_ G-34 Mercenary system corrupted by crushing effect. 01096_ G-34 Mercenary system terminally corrupted. 01096_ Aluminum Leg fried. 01096_ Sml. Laser fried. 01108_ TN8TV4=C3#>#